 Dungeon Crawl Stone Soup version 0.30-a0-639-g3916f1956a (webtiles) character file.

Game seed: 7467223762847445188

388 Persephone the Carver (level 6, -1/44 HPs)
             Began as a Merfolk Gladiator on Jan 16, 2023.
             Was a Follower of Cheibriados.
             Slain by an ice beast (14 damage)
             ... on level 5 of the Dungeon.
             The game lasted 00:07:07 (3309 turns).

Persephone the Carver (Merfolk Gladiator)           Turns: 3309, Time: 00:07:08

Health: -1/44      AC:  6    Str: 16    XL:     6   Next: 79%
Magic:  6/6        EV: 14    Int: 10    God:    Cheibriados [*.....]
Gold:   203        SH:  0    Dex: 19    Spells: 5/5 levels left

rFire   . . .      SeeInvis .    a - +0 long sword
rCold   . . .      Faith    .    (no shield)
rNeg    . . .      Spirit   .    b - +1 leather armour
rPois   .          Reflect  .    c - +0 helmet
rElec   .          Harm     .    (no cloak)
rCorr   .          Rampage  .    l - +0 pair of gloves
Will    .....                    (no boots)
Stlth   +                        (no amulet)
HPRegen 0.27/turn                (no ring)
MPRegen 0.10/turn                (no ring)

@: very slow
A: (nimble swimmer 2), mertail
a: Renounce Religion, Bend Time


You were on level 5 of the Dungeon.
You worshipped Cheibriados.
Cheibriados was aware of your devotion.
You visited 1 branch of the dungeon, and saw 5 of its levels.

You collected 203 gold pieces.

Inventory:

Hand Weapons
 a - a +0 long sword (weapon)
Missiles
 e - 5 javelins (quivered)
Armour
 b - a +1 leather armour (worn)
 c - a +0 helmet (worn)
 l - a +0 pair of gloves (worn)
Jewellery
 s - an amulet of faith
Wands
 f - a wand of roots (9)
Scrolls
 g - a scroll of enchant armour
 n - a scroll of teleportation
Potions
 h - a potion of berserk rage
 i - a potion of might
 p - a potion of degeneration
 q - a potion of mutation
 r - 2 potions of flight {unknown}


   Skills:
 - Level 2.2 Fighting
 + Level 8.9 Long Blades
 - Level 2.0 Throwing
 - Level 4.0 Dodging


You had 5 spell levels left.
You didn't know any spells.
Your spell library contained the following spells:

 Spells                   Type           Power      Damage    Failure   Level
 Magic Dart               Conj           0%         1d3       43%         1
 Sandblast                Erth           0%         2d4       43%         1
 Blink                    Tloc           0%         N/A       56%         2
 Call Imp                 Summ           0%         N/A       56%         2
 Lesser Beckoning         Tloc           0%         N/A       56%         2
 Momentum Strike          Conj/Tloc      0%         3d8       56%         2
 Passwall                 Tmut/Erth      0%         N/A       56%         2
 Mephitic Cloud           Conj/Pois/Air  0%         N/A       80%         3
 Stone Arrow              Conj/Erth      0%         3d7       80%         3


Dungeon Overview and Level Annotations

Branches:
Dungeon (5/15)             Temple (0/1) D:4

Altars:
Cheibriados
Hepliaklqana

Shops:
D:1 =


Innate Abilities, Weirdness & Mutations

((You are very nimble when in or above water. (Stealth+, EV+, Speed+++)))
Your lower body shifts to a powerful aquatic tail in water.


Message History

(D) Dungeon (T) Temple
Where to? (Enter - D:3 @ (x,y), ? - help)
What level of the Dungeon? (default 1, ? - help)
There is a stone staircase leading down here.
You climb downwards.
Found a scroll labelled WAFOCE EMUMP and a brown potion.
Found a snail-covered altar of Cheibriados.
There is a stone staircase leading up here.
There are monsters nearby!
The orc shouts!
The orc hits you with a +0 short sword. The ice beast completely misses you.
You barely miss the ice beast. The orc hits you but does no damage.
The ice beast hits you but does no damage.
You slash the ice beast!
The ice beast is moderately wounded.
The orc hits you with a +0 short sword. The ice beast barely misses you.
You closely miss the ice beast.
The ice beast is moderately wounded.
The orc misses you. The ice beast hits you. The ice beast freezes you!
You hit the ice beast.
The ice beast is moderately wounded.
The ice beast closely misses you. The orc hits you but does no damage.
You hit the ice beast but do no damage.
The ice beast is moderately wounded.
The orc barely misses you. The ice beast completely misses you.
You completely miss the ice beast.
The ice beast is moderately wounded.
The orc hits you but does no damage. The ice beast barely misses you.
You hit the ice beast.
The ice beast is moderately wounded.
The orc misses you. The ice beast hits you. The ice beast freezes you!
You barely miss the ice beast.
The ice beast is moderately wounded.
The orc barely misses you. The ice beast misses you.
You closely miss the ice beast. You punch the ice beast.
The ice beast is heavily wounded.
The orc barely misses you. The ice beast hits you.
* * * LOW HITPOINT WARNING * * *
The ice beast freezes you!
You die...

.. .. #. #
#. .#
#.###.####
.........
####........
#...<#
#.o@.#
#..Y.#
..?....#
...!#...##
...######
###


You could see an ice beast and an orc.

Vanquished Creatures
  A black bear (D:4)
  An orc priest (D:4)
  Jessica (D:2)
  2 orc wizards (D:4)
  4 gnolls (D:3)
  4 adders
  A dart slug (D:2)
  9 orcs
  5 bats
  13 endoplasms
  4 giant cockroaches
  9 goblins
  9 hobgoblins
  4 jackals
  A quokka (D:1)
  10 ball pythons
  2 frilled lizards
  13 kobolds
  9 rats
102 creatures vanquished.

Notes
Turn   | Place    | Note
-------+----------+-------------------------------------------
     0 | D:1      | Persephone the Merfolk Gladiator began the quest for the
                  | Orb.
     0 | D:1      | Reached XP level 1. HP: 16/16 MP: 1/1
    34 | D:1      | Reached skill level 4 in Long Blades
    60 | D:1      | Reached XP level 2. HP: 22/22 MP: 2/2
   356 | D:1      | Found Caakaw's Jewellery Shop.
   369 | D:1      | Reached XP level 3. HP: 25/27 MP: 3/3
   590 | D:1      | Reached skill level 5 in Long Blades
   776 | D:1      | Found a faded altar of an unknown god.
  1062 | D:2      | Noticed Jessica
  1077 | D:2      | Killed Jessica
  1078 | D:2      | Reached skill level 6 in Long Blades
  1078 | D:2      | Reached XP level 4. HP: 24/33 MP: 4/4
  1765 | D:3      | Reached XP level 5. HP: 38/38 MP: 5/5
  1782 | D:3      | Reached skill level 7 in Long Blades
  2060 | D:3      | Found a snail-covered altar of Cheibriados.
  2594 | D:3      | Became a worshipper of Cheibriados the Contemplative
  2625 | D:4      | Reached XP level 6. HP: 18/44 MP: 6/6
  2628 | D:4      | Reached skill level 8 in Long Blades
  2727 | D:4      | Noticed a black bear
  2736 | D:4      | Killed a black bear
  2803 | D:4      | Found a staircase to the Ecumenical Temple.
  2842 | D:4      | Reached * piety under Cheibriados
  3024 | D:4      | Found a hazy altar of Hepliaklqana.
  3298 | D:5      | Entered Level 5 of the Dungeon
  3298 | D:5      | Noticed an ice beast
  3298 | D:5      | Found a snail-covered altar of Cheibriados.
  3309 | D:5      | Slain by an ice beast

Illustrated notes

Levels and vault maps discovered:
D:1:      scummos_arrival_star, layout_basic, serial_shops,
          nicolae_shop_advertising_works [nicolae_subvault_shop_adworks],
          hellmonk_ecumenical_altar_inner_sanctum
D:2:      layout_basic, uniq_jessica
D:3:      layout_loops_corners, mainiacjoe_overflow_tiny_flanked
D:4:      layout_cave_pools, mainiacjoe_overflow_alcove_2,
          minmay_temple_entry_stoned_glass
D:5:      layout_loops_ring, kennysheep_crisscross, hangedman_feature_mirror,
          patterned_corridor

Skill      XL: |  1  2  3  4  5  6 |
---------------+-------------------+-----
Long Blades    | 4 6 7 8 |  8.9
Fighting       | |  2.2
Throwing       | |  2.0
Dodging        | |  4.0

Action                   |  1- 3 |  4- 6 || total
-------------------------+-------+-------++-------
Melee: Long sword        |    76 |   143 ||   219
       Punch             |       |     2 ||     2
Throw: Boomerang         |    20 |    35 ||    55
       Throwing net      |       |     6 ||     6
       Javelin           |       |     3 ||     3
  Use: Scroll            |       |    12 ||    12
       Potion            |       |     3 ||     3
 Stab: Sleeping          |       |     2 ||     2
Armor: Leather armour    |    28 |    68 ||    96
Dodge: Dodged            |    61 |   105 ||   166

Table legend: (Time is in decaauts)
 A = Elapsed time spent in this place.
 B = Non-inter-level travel time spent in this place.
 C = Inter-level travel time spent in this place.
 D = Time resting spent in this place.
 E = Time spent auto-exploring this place.
 F = Levels seen in this place.
 G = Mean time per level.
                   A        B        C        D        E       F      G
               +--------+--------+--------+--------+--------+-----+--------+
         Total |   3490 |   3348 |    142 |      0 |   2703 |   5 |  698.0 |
       Dungeon |   3490 |   3348 |    142 |      0 |   2703 |   5 |  698.0 |
               +--------+--------+--------+--------+--------+-----+--------+

Top non-repeatable levels by time:
     D:3: 967 daAuts
     D:1: 888 daAuts
     D:4: 840 daAuts
     D:2: 781 daAuts
     D:5: 11 daAuts
